 Dungeon Crawl Stone Soup version 0.28.0-53-g5a82cb258f (webtiles) character file.

Game seed: 450515601991673718

168 safid the Chopper (level 5, -2/46 HPs)
             Began as a Hill Orc Fighter on Aug 15, 2022.
             Slain by Grinder (3 damage)
             ... on level 3 of the Dungeon.
             The game lasted 00:02:27 (2504 turns).

safid the Chopper (Hill Orc Fighter)                Turns: 2504, Time: 00:02:28

Health: -2/46      AC:  8    Str: 21    XL:     5   Next: 49%
Magic:  5/5        EV:  9    Int:  8    God:
Gold:   113        SH:  4    Dex: 10    Spells: 4/4 levels left

rFire   . . .      SeeInvis .   a - +0 war axe
rCold   . . .      Faith    .   c - +0 buckler
rNeg    . . .      Spirit   .   b - +0 scale mail
rPois   .          Reflect  .   (no helmet)
rElec   .          Harm     .   (no cloak)
rCorr   .          Rampage  .   m - +0 pair of gloves
Will    .....                   (no boots)
Stlth   ..........              l - amulet of the acrobat
HPRegen 0.15/turn               (no ring)
MPRegen 0.09/turn               (no ring)

@: no status effects
A: no striking features
a: no special abilities


You were on level 3 of the Dungeon.
You visited 1 branch of the dungeon, and saw 3 of its levels.

You collected 113 gold pieces.

Inventory:

Hand Weapons
 a - a +0 war axe (weapon)
Missiles
 e - 5 poisoned darts (quivered)
Armour
 b - a +0 scale mail (worn)
 c - a +0 buckler (worn)
 m - a +0 pair of gloves (worn)
Jewellery
 l - an amulet of the acrobat (around neck)
 t - a +4 ring of protection
Wands
 s - a wand of polymorph (6)
Scrolls
 f - 2 scrolls of identify {unknown}
 g - a scroll of enchant armour {unknown}
 h - a scroll of immolation {unknown}
 i - a scroll of amnesia {unknown}
 j - a scroll of summoning {unknown}
 n - a scroll of magic mapping {unknown}
 q - 3 scrolls of fog {unknown}
 r - a scroll of silence {unknown}
 u - a scroll of teleportation {unknown}
 v - a scroll of vulnerability {unknown}
Potions
 d - a potion of might
 k - a potion of haste {unknown}
 o - a potion of degeneration {unknown}
 p - 3 potions of curing {unknown}


   Skills:
 - Level 4.0 Fighting
 + Level 6.0 Axes
 - Level 4.0 Armour
 - Level 4.0 Shields


You had 4 spell levels left.
You didn't know any spells.
Your spell library was empty.

Dungeon Overview and Level Annotations

Branches:
Dungeon (3/15)

Altars:
Beogh

Shops:
D:2 :

Annotations:
D:3 Grinder


Message History

Grinder is moderately wounded.
Grinder hits you.
You writhe in agony.
You barely miss Grinder.
Grinder is moderately wounded.
Grinder hits you.
You writhe in agony.
You are too injured to fight recklessly!
You are too injured to fight recklessly!
You are too injured to fight recklessly!
You are too injured to fight recklessly!
You are too injured to fight recklessly!
You are too injured to fight recklessly!
You are too injured to fight recklessly!
You are too injured to fight recklessly!
You are too injured to fight recklessly!
You are too injured to fight recklessly!
You are too injured to fight recklessly!
You are too injured to fight recklessly!
You are too injured to fight recklessly!
You are too injured to fight recklessly!
You are too injured to fight recklessly!
Unknown command.
You hit Grinder.
Grinder is heavily wounded.
Grinder blinks!
You are too injured to fight recklessly!
You are too injured to fight recklessly!
Grinder misses you.
You barely miss Grinder.
Grinder is heavily wounded.
Grinder hits you!
* * * LOW HITPOINT WARNING * * *
You writhe in agony.
* * * LOW HITPOINT WARNING * * *
You hit Grinder but do no damage.
Grinder is moderately wounded.
Grinder gestures at you. You resist with significant effort. Grinder hits you.
* * * LOW HITPOINT WARNING * * *
You writhe in agony.
You die...

### #### ..#
...# #.#
##.# #.# #.#
#.# #.#
#.#####.#
#.#
#.......####
#)#
##.........#
#.#
#.####.##.#
#@# ###.#
#.##.# #5#
.##.#
##.##.####.#
.##.#
#..........#
.##.#
#..#########
.##.# #...#
....# #.#.#
.#### #.#.#
..# #.#.#


You could see Grinder.

Vanquished Creatures
  A scorpion (D:2)
  A hound (D:3)
  A worm (D:3)
  2 dart slugs (D:1)
  8 endoplasms
  4 giant cockroaches
  12 goblins
  7 hobgoblins
  3 jackals (D:2)
  7 kobolds
  7 quokkas
  3 ball pythons
  3 bats (D:2)
  2 frilled lizards (D:1)
  6 rats
67 creatures vanquished.

Notes
Turn   | Place    | Note
-------+----------+-------------------------------------------
     0 | D:1      | safid the Hill Orc Fighter began the quest for the Orb.
     0 | D:1      | Reached XP level 1. HP: 19/19 MP: 1/1
    77 | D:1      | Reached skill level 3 in Axes
    77 | D:1      | Reached XP level 2. HP: 22/27 MP: 2/2
   364 | D:1      | Reached XP level 3. HP: 29/33 MP: 3/3
   787 | D:1      | Found a roughly hewn altar of Beogh.
   812 | D:1      | Found a faded altar of an unknown god.
   973 | D:2      | Found Oleliepe's Book Boutique.
  1715 | D:2      | Reached XP level 4. HP: 40/40 MP: 4/4
  1801 | D:2      | Noticed a scorpion
  1815 | D:2      | Killed a scorpion
  1816 | D:2      | Reached skill level 5 in Axes
  1816 | D:2      | Reached XP level 5. HP: 25/46 MP: 5/5
  2416 | D:3      | Reached skill level 6 in Axes
  2478 | D:3      | Noticed Grinder
  2504 | D:3      | HP: 1/46 [Grinder (2)]
  2504 | D:3      | Slain by Grinder

Illustrated notes

Levels and vault maps discovered:
D:1:      lightli_arrival_statuegarden, layout_loops_cross,
          hellmonk_ecumenical_altar_defaced_shrine,
          nicolae_concentric_dashed_squares_wild
D:2:      layout_loops_cross, serial_shops, shop, serial_co_window_serial,
          co_window_paths_b, co_window_of_opportunity_a, co_window_paths_a,
          co_window_corner_a, co_window_paths_b, co_window_of_opportunity_a,
          co_window_2corner, co_window_corner_ca, co_window_broadway_a,
          co_window_of_opportunity_b, glass_columns_c, glass_columns_a,
          glass_columns_b, glass_columns_a, glass_columns_a,
          minmay_joined_circles
D:3:      layout_loops_ring, uniq_grinder

Skill      XL: |  1  2  3  4  5 |
---------------+----------------+-----
Axes           | 3 5 6 |  6.0
Fighting       | 4 |  4.0
Armour         | 4 |  4.0
Shields        | 4 |  4.0

Action                   |  1- 3 |  4- 6 || total
-------------------------+-------+-------++-------
Melee: War axe           |   130 |    74 ||   204
Armor: Scale mail        |    69 |    23 ||    92
Dodge: Dodged            |    72 |    30 ||   102
Block: Buckler           |    30 |    10 ||    40
